 Dungeon Crawl Stone Soup version 0.24.0-10-g970556be89 (webtiles) character file.

Game seed: 4289146119315304853, levelgen mode: deterministic

114 Aviak the Firebug (level 4, -1/30 HPs)
             Began as a Demonspawn Fire Elementalist on Nov 3, 2019.
             Was a Priest of Uskayaw.
             Slain by an orc
             ... wielding a +0 short sword of distortion
              (4 damage)
             ... on level 3 of the Dungeon.
             The game lasted 00:03:33 (2389 turns).

Aviak the Firebug (Demonspawn Fire Elementalist)    Turns: 2389, Time: 00:03:34

Health: -1/30      AC:  2    Str:  9    XL:     4   Next: 66%
Magic:  12/17      EV: 13    Int: 17    God:    Uskayaw [***...]
Gold:   104        SH:  0    Dex: 13    Spells: 2/8 levels left

rFire    . . .     SeeInvis .   o - +1 dagger (venom)
rCold    . . .     Gourm    .   (no shield)
rNeg     . . .     Faith    .   a - +0 robe
rPois    .         Spirit   .   (helmet restricted)
rElec    .         Reflect  .   (no cloak)
rCorr    .         Harm     .   (no gloves)
MR       .....                  (no boots)
Stlth    ++........             (no amulet)
HPRegen  0.10/turn              i - ring of wizardry
MPRegen  0.15/turn              k - ring of magical power

@: no status effects
A: horns 1
a: Stomp, Line Pass, Renounce Religion


You were on level 3 of the Dungeon.
You worshipped Uskayaw.
Uskayaw was noncommittal.
You were not hungry.

You visited 1 branch of the dungeon, and saw 3 of its levels.

You collected 104 gold pieces.

Inventory:

Hand Weapons
 d - a +0 dagger
 o - a +1 dagger of venom (weapon)
Armour
 a - a +0 robe (worn)
Jewellery
 i - a ring of wizardry (left hand)
 k - a ring of magical power (right hand)
Scrolls
 b - 2 scrolls of teleportation {unknown}
 e - a scroll of enchant weapon {unknown}
 g - 4 scrolls of identify {unknown}
 h - 2 scrolls of noise {unknown}
Potions
 f - a potion of agility {unknown}
 j - 4 potions of heal wounds {unknown}
 l - a potion of degeneration {unknown}
 n - a potion of lignification {unknown}
Comestibles
 c - 10 rations
 m - 2 chunks of flesh


   Skills:
 + Level 2.6 Dodging
 - Level 1.7 Stealth
 + Level 2.8 Spellcasting
 + Level 2.3 Conjurations
 + Level 3.4 Fire Magic


You had 2 spell levels left.
You knew the following spells:

 Your Spells              Type           Power        Failure   Level  Hunger
a - Flame Tongue          Conj/Fire      ##...        2%          1    #......
b - Throw Flame           Conj/Fire      ##....       3%          2    ##.....
d - Conjure Flame         Conj/Fire      ##......     6%          3    ###....

Your spell library contained the following spells:

 Spells                   Type           Power        Failure   Level  Hunger
 Inner Flame              Hex/Fire       #.......     11%         3    ###....
 Sticky Flame             Conj/Fire      ##......     21%         4    #####..
 Fireball                 Conj/Fire      ##........   50%         5    ######.


Dungeon Overview and Level Annotations

Branches:
Dungeon (3/15)

Altars:
Cheibriados
Gozag
Okawaru
Ru
Sif Muna
Trog
Uskayaw
Xom


Innate Abilities, Weirdness & Mutations

You have a pair of small horns on your head.


Message History

Press: ? - help, Shift-Dir - straight line, f - orc
Aim: an orc, wielding a +0 morningstar The flame tongue hits the orc.
You kill the orc!
A magic dart appears from out of thin air!
The magic dart hits you.
Uskayaw will force your foes to helplessly watch your dance.
Uskayaw prepares the audience for your solo!
The helpless goblin fails to defend itself.
You puncture the goblin!
You kill the goblin!
The orc is no longer paralysed.
You hear some strange, mumbled words.
A puff of flame appears from out of thin air!
The puff of flame hits you. Something hits you but does no damage.
The orc hits you with a +0 short sword of distortion!
* * * LOW HITPOINT WARNING * * *
Space bends around you.
You die...

..................
#....<............
..............#.... #
................#. [#
.................. ..#
...............# ...#
...............# ....#
#....†.......#.###.....#
#............#.%@{#
..##..........###o..# ..
#..........# ##.....
..............# ....
..............# ...
..............# ..
..............# .
..............#
.......#.....#


You could see an orc.

Vanquished Creatures
  An orc wizard (D:2)
  2 adders (D:2)
  A dart slug (D:1)
  2 leopard geckos
  3 orcs (D:3)
  2 ball pythons
  6 bats
  4 giant cockroaches
  5 goblins
  8 hobgoblins
  A quokka (D:2)
  2 frilled lizards (D:1)
  A jackal skeleton (D:2)
  8 kobolds
  12 rats
58 creatures vanquished.

Notes
Turn   | Place    | Note
-------+----------+-------------------------------------------
     0 | D:1      | Aviak the Demonspawn Fire Elementalist began the quest for
                  | the Orb.
     0 | D:1      | Reached XP level 1. HP: 13/13 MP: 3/3
   109 | D:1      | Gained mutation: You have a pair of small horns on your
                  | head. [demonic ancestry]
   109 | D:1      | Reached XP level 2. HP: 4/19 MP: 0/5
   838 | D:1      | Reached skill level 3 in Fire Magic
  1203 | D:1      | Learned a level 2 spell: Throw Flame
  1266 | D:2      | Reached XP level 3. HP: 20/24 MP: 6/6
  1332 | D:2      | Found an iron altar of Okawaru.
  1437 | D:2      | Found a sacrificial altar of Ru.
  1512 | D:2      | Found a snail-covered altar of Cheibriados.
  1519 | D:2      | Reached XP level 4. HP: 19/30 MP: 7/7
  1801 | D:2      | Found a bloodstained altar of Trog.
  2278 | D:3      | Found a hide-covered altar of Uskayaw.
  2279 | D:3      | Found a shimmering blue altar of Sif Muna.
  2279 | D:3      | Found an opulent altar of Gozag.
  2281 | D:3      | Found a shimmering altar of Xom.
  2338 | D:3      | Became a worshipper of Uskayaw the Reveler
  2343 | D:3      | Learned a level 3 spell: Conjure Flame
  2381 | D:3      | Reached * piety under Uskayaw
  2386 | D:3      | Reached ** piety under Uskayaw
  2387 | D:3      | Reached *** piety under Uskayaw
  2389 | D:3      | Slain by an orc

Levels and vault maps discovered:
D:1:      onia_arrival_larder, layout_rooms, serial_corexii_hall,
          corexii_hall_statues_u, chequers_hall_statues_y,
          corexii_hall_statues_t, corexii_hall_statues_x, minmay_tetromino_i2
D:2:      layout_rooms, lemuel_doored_altar, nicolae_overflow_crystal_walls,
          nicolae_ru_great_annihilating_truth, first_ration,
          minmay_misc_feat_square, bloody_trog
D:3:      layout_rooms, chequers_temple_overflow_statue_of_worship,
          minivault_19, kennysheep_flooded_box, uniq_natasha

Skill      XL: |  1  2  3 |
---------------+----------+-----
Dodging        | 2 |  2.6
Fire Magic     | 3 |  3.4
Conjurations   | 2 |  2.3
Stealth        | |  1.7
Spellcasting   | |  2.8

Action                   |  1- 3 |  4- 6 || total
-------------------------+-------+-------++-------
Melee: Unarmed           |    38 |       ||    38
       Dagger            |    66 |    29 ||    95
       Headbutt          |     7 |     7 ||    14
 Cast: Flame Tongue      |    34 |    24 ||    58
 Stab: Sleeping          |     4 |     1 ||     5
       Paralysed         |     1 |     1 ||     2
       Distracted        |       |     1 ||     1
  Eat: Chunk             |     2 |     3 ||     5
Armor: Robe              |    39 |     7 ||    46
Dodge: Dodged            |    84 |    34 ||   118
